cohdb
Replays
Latest Replays
All Replays
Popular Replays
Top Player Replays
Match Explorer
How It Works
Community
CoH3 Stats
Reddit
Sign in to upload your games and track your stats! →
Sign in with Steam
Match 43043607
Unlisted
Match 43043607
Overview
Messages
Build Orders
End
Royal Engineer Section
Construct Section Command Post
Infantry Section
Selects Indian Artillery Battlegroup
Vickers Machine Gun Team
Construct Platoon Command Post
Selects Towed ML 4.2-inch Heavy Mortar
Towed ML 4.2-inch Heavy Mortar
Unlock M3 Stuart Light Tanks
M3 Stuart Light Tank
Infantry Section
Selects Valour
Selects Gurkha Rifles Section
Gurkha Rifles Section
6-pounder Anti-tank Gun Team
Construct Company Command Post
Selects Off-map Airburst Barrage
Gurkha Rifles Section
Matilda II Heavy Tank
Selects Volunteer Infantry
Gurkha Rifles Section
6-pounder Anti-tank Gun Team
Off-map Airburst Barrage
Nukepapa
Surveillance-Buoy 2
Basha
gammy
0
0
Comments
sign in to comment!
No comments posted yet!